 Dungeon Crawl Stone Soup version 0.19-a0-1850-g63fd1ff (webtiles) character file.

313 MackTheKnife the Chopper (level 6, 0/47 HPs)
             Began as a Demonspawn Chaos Knight on Oct 10, 2016.
             Engulfed by an anaconda (glowing shapeshifter)'s spectral mist (6 damage)
             ... on level 3 of the Dungeon.
             The game lasted 00:06:51 (2741 turns).

MackTheKnife the Chopper (Demonspawn Chaos Knight)  Turns: 2741, Time: 00:06:51

Health: 0/47       AC: 19    Str: 13    XL:     6   Next: 19%
Magic:  6/6        EV:  2    Int: 13    God:    Xom [..*...]
Gold:   248        SH:  0    Dex: 14    Spells: 0 memorised, 5 levels left

rFire  + . .     SeeInvis .     a - +0 hand axe (chaos)
rCold  . . .     Gourm    .     m - +0 chain mail (curse)
rNeg   . . .     Faith    .     (no shield)
rPois  .         Spirit   .     o - +0 helmet
rElec  .         Dismiss  .     (no cloak)
rCorr  .         Reflect  .     (no gloves)
MR     .....     Harm     .     k - +0 pair of boots
Stlth  ..........               (no amulet)
                                (no ring)
                                (no ring)

@: sanguine armour, constricted, drained
A: camouflage 1, fire resistance 1, powered by pain 1, rot immunity, sanguine
armour 2
a: Renounce Religion


You were on level 3 of the Dungeon.
You worshipped Xom.
You were a toy of Xom.
You were not hungry.

You visited 1 branch of the dungeon, and saw 3 of its levels.

You collected 248 gold pieces.

Inventory:

Hand Weapons
 a - a +0 hand axe of chaos (weapon)
 j - a +2 short sword of speed
   (You found it on level 3 of the Dungeon)
Armour
 k - a +0 pair of boots (worn)
   (You found it on level 1 of the Dungeon)
 m - a cursed +0 chain mail (worn)
   (Xom gifted it to you on level 2 of the Dungeon)
 o - a +0 helmet (worn)
   (You found it on level 2 of the Dungeon)
Wands
 p - a wand of polymorph (5/24)
   (You took it off Natasha on level 3 of the Dungeon)
Scrolls
 f - a scroll of magic mapping {!r}
 g - a scroll of enchant weapon {unknown}
 n - a scroll of identify
 q - a scroll of noise {unknown}
 r - a scroll of fog {unknown}
Potions
 d - 2 potions of brilliance
 e - 2 potions of haste {unknown}
 h - 3 potions of mutation {unknown}
 i - a potion of cancellation {unknown}
 l - 3 potions of curing
Books
 b - Xom's Almanac of Awkwardness
   (Xom gifted it to you on level 3 of the Dungeon)

   Spells                             Type                      Level
   a - Slow                           Hexes                        2
   b - Cause Fear                     Hexes                        4
   c - Venom Bolt                     Conjuration/Poison           5
   d - Darkness                       Hexes                        6
   e - Invisibility                   Hexes                        6
Comestibles
 c - 3 bread rations {@e1}


   Skills:
 - Level 3.0(2.5) Fighting
 + Level 6.4(5.8) Axes
 - Level 1.7(1.3) Armour
 - Level 0.8(0.4) Dodging


You had 5 spell levels left.
You didn't know any spells.

Dungeon Overview and Level Annotations

Branches:
Dungeon (3/15)

Altars:
Gozag
Sif Muna


Innate Abilities, Weirdness & Mutations

You sometimes gain a little power by taking damage.
You are immune to rotting.
When seriously injured, your bleeding wounds create thick armour. (AC +9)
Your skin changes colour to match your surroundings (Stealth+).
Your flesh is heat resistant. (rF+)


Message History

You kill the giant cockroach!
No target in view!
Search for what [Enter for "armour", or ? for help]? axe Unknown command.
A hobgoblin comes into view.
A hobgoblin is nearby!
A hobgoblin is nearby!
A hobgoblin is nearby!
The hobgoblin hits you but does no damage.
Found a stone staircase leading up.
You hit the hobgoblin. You freeze the hobgoblin.
You kill the hobgoblin!
No target in view!
No target in view!
Xom notices you.
Nothing appears to happen.
Unknown command.
q - a scroll labeled LOLUBL LASEN A worm and a dart slug come into view.
There are monsters nearby!
You hit the dart slug. You drain the dart slug! You hit the dart slug.
You kill the dart slug!
You hit the worm but do no damage.
The worm is moving more slowly.
You hit the worm. You burn the worm. The worm bites you but does no damage.
You hit the worm but do no damage. The worm barely misses you.
You hit the worm. You hit the worm. The worm closely misses you.
You hit the worm. You burn the worm.
The worm stops moving altogether!
The helpless worm fails to defend itself.
You hit the worm.
The helpless worm fails to defend itself.
You hit the worm.
The worm looks momentarily listless.
The helpless worm fails to defend itself.
You hit the worm.
Nothing appears to happen.
The helpless worm fails to defend itself.
You hit the worm but do no damage.
The worm changes into a sky beast!
The sky beast barely misses you.
You closely miss the sky beast.
The sky beast hits you but does no damage.
You miss the sky beast.
The sky beast changes into a blink frog!
You slash the blink frog! You burn the blink frog.
The blink frog hits you but does no damage.
You miss the blink frog.
The blink frog changes into a komodo dragon!
You hit the komodo dragon.
The komodo dragon is poisoned.
You hit the komodo dragon but do no damage.
The komodo dragon barely misses you.
You hit the komodo dragon. The komodo dragon bites you.
You take 1 damage, and have 46/47 hp.
You hit the komodo dragon.
The komodo dragon looks as sick as possible!
Xom titters.
The komodo dragon looks rather confused.
The komodo dragon changes into a dream sheep!
The dream sheep ruffles its wool and motes of dream dust sparkle, to no effect.
Health restored: 47 The dream sheep changes into a guardian serpent!
The guardian serpent changes into a floating eye!
The floating eye's view fixates on you.
The floating eye changes into a ghost crab!
The ghost crab breathes spectral mist at you.
The spectral mist engulfs you!
You hit the spectral howler monkey but do no damage.
You are engulfed in spectral mist.
The ghost crab breathes spectral mist at you.
The spectral mist engulfs the spectral worker ant.
You take 8 damage, and have 39/47 hp.
You hit the spectral howler monkey but do no damage.
You are engulfed in spectral mist.
The ghost crab changes into a glowing orange brain!
The spectral howler monkey barely misses you.
You take 1 damage, and have 38/47 hp.
Unknown command.
You are engulfed in spectral mist.
Your blood congeals into armour.
The glowing orange brain changes into a hill giant!
The spectral anaconda constricts you but does no damage.
The spectral anaconda bites you. The spectral anaconda constricts you.
You feel drained.
The spectral anaconda bites you but does no damage.
You take 16 damage, and have 22/47 hp.
MASSIVE DAMAGE!!
You are engulfed in spectral mist.
* * * LOW HITPOINT WARNING * * *
You emit a cloud of colourful smoke!
The spectral anaconda grabs you.
The spectral anaconda bites you but does no damage.
The spectral anaconda constricts you.
The spectral quokka bites you but does no damage.
The spectral anaconda bites you.
* * * LOW HITPOINT WARNING * * *
You feel drained. The spectral anaconda constricts you.
You take 16 damage, and have 6/47 hp.
MASSIVE DAMAGE!!
The spectral anaconda's grasp on you weakens, but your attempt to escape fails.
You are engulfed in spectral mist.
You die...
Xom laughs nastily!

####.# #.# ..##.# #.#
..##.# #.#
..##.############# #.#
..S............... #.#
####.################## #.#
#........Z§C§§§Z§§§§§.# #.#
#.##.########§##Z####.# #.#
#.#........§§§§Z@Z§..<# #.#
#.##.#######§§§#§##...# #.#
#.##.#.....#...#......# #.#
#....#.###.#...######## #.#
####...##.............. #.#
...........#.#..####### #.#
................# #.#
####.......#.#..#########.#
########...#..............#


You could see a spectral anaconda, a spectral quokka, a spectral worker ant and
a spectral howler monkey.

Vanquished Creatures
  The ghost of Cirk the Slasher, a weakling HEGl (D:3)
  Natasha (thrice) (D:3)
  2 worker ant zombies (D:3)
  9 adders
  An ooze (D:2)
  3 worms
  3 dart slugs
  2 leopard geckos
  4 bats
  3 giant cockroaches
  9 goblins
  10 hobgoblins
  5 jackals
  2 quokkas
  2 ball pythons
  4 frilled lizards
  8 kobolds
  11 rats
82 creatures vanquished.

Notes
Turn   | Place    | Note
-------+----------+-------------------------------------------
     0 | D:1      | MackTheKnife the Demonspawn Chaos Knight began the quest for the Orb.
     0 | D:1      | Reached XP level 1. HP: 18/18 MP: 1/1
    50 | D:1      | Reached skill level 3 in Axes
   115 | D:1      | Gained mutation: When seriously injured, your bleeding wounds create armour. (AC +9) [demonic ancestry]
   115 | D:1      | Reached XP level 2. HP: 13/24 MP: 2/2
   691 | D:2      | XOM: noise
   709 | D:2      | XOM: potion effect (brilliance)
   712 | D:2      | Gained mutation: When seriously injured, your bleeding wounds create thick armour. (AC +9) [demonic ancestry]
   712 | D:2      | Reached XP level 3. HP: 13/29 MP: 3/3
   718 | D:1      | Reached skill level 4 in Axes
  1007 | D:2      | XOM: silly message
  1024 | D:2      | XOM: harmless Fire miscast
  1053 | D:2      | Gained mutation: You sometimes gain a little power by taking damage. [demonic ancestry]
  1053 | D:2      | Reached XP level 4. HP: 34/35 MP: 4/4
  1080 | D:2      | XOM: harmless Divn miscast
  1109 | D:2      | XOM: potion effect (brilliance)
  1361 | D:2      | XOM: smoke on damage
  1369 | D:2      | Reached skill level 5 in Axes
  1497 | D:2      | Found a deep blue altar of Sif Muna.
  1586 | D:3      | Reached XP level 5. HP: 21/41 MP: 5/5
  1605 | D:3      | Noticed Cirk's ghost (weakling HEGl)
  1608 | D:3      | HP: 9/41 [Cirk's ghost (9)]
  1670 | D:2      | XOM: god gift: runed chain mail {god gift}
  1681 | D:2      | XOM: harmless Conj miscast
  1765 | D:2      | XOM: noise
  1897 | D:3      | XOM: enchant monster (good)
  1970 | D:3      | Identified Xom's Almanac of Awkwardness (Xom gifted it to you on level 3 of the Dungeon)
  1970 | D:3      | XOM: god gift: Xom's Almanac of Awkwardness
  2038 | D:3      | XOM: give mutations
  2038 | D:3      | Gained mutation: Your flesh is heat resistant. (rF+) [Xom's grace]
  2038 | D:3      | Gained mutation: Your skin changes colour to match your surroundings (Stealth+). [Xom's grace]
  2074 | D:3      | Found an opulent altar of Gozag.
  2085 | D:3      | Noticed Natasha
  2109 | D:3      | XOM: confuse monster(s)
  2112 | D:3      | Killed Natasha
  2159 | D:3      | Noticed Natasha
  2167 | D:3      | XOM: confuse monster(s)
  2183 | D:3      | XOM: cast spell 'Alistair's Intoxication'
  2183 | D:3      | HP: 6/41 [Cirk's ghost (7)]
  2184 | D:3      | Killed Cirk's ghost
  2184 | D:3      | Reached skill level 6 in Axes
  2190 | D:3      | Killed Natasha
  2190 | D:3      | Gained mutation: You are immune to rotting. [demonic ancestry]
  2190 | D:3      | Reached XP level 6. HP: 16/47 MP: 6/6
  2289 | D:3      | Noticed Natasha
  2299 | D:3      | Killed Natasha
  2678 | D:3      | XOM: harmless Pois miscast
  2710 | D:3      | Noticed a sky beast
  2710 | D:3      | a worm changed into a sky beast
  2712 | D:3      | Noticed a blink frog
  2712 | D:3      | a sky beast changed into a blink frog
  2714 | D:3      | Noticed a komodo dragon
  2714 | D:3      | a blink frog changed into a komodo dragon
  2718 | D:3      | XOM: confuse monster(s)
  2718 | D:3      | Noticed a dream sheep
  2718 | D:3      | a komodo dragon changed into a dream sheep
  2723 | D:3      | Noticed a guardian serpent
  2723 | D:3      | a dream sheep changed into a guardian serpent
  2728 | D:3      | Noticed a floating eye
  2728 | D:3      | a guardian serpent changed into a floating eye
  2732 | D:3      | Noticed a ghost crab
  2732 | D:3      | a floating eye changed into a ghost crab
  2738 | D:3      | Noticed a glowing orange brain
  2738 | D:3      | a ghost crab changed into a glowing orange brain
  2739 | D:3      | Noticed a spectral anaconda
  2739 | D:3      | Noticed a hill giant
  2739 | D:3      | a glowing orange brain changed into a hill giant
  2740 | D:3      | Noticed a spectral four-headed hydra
  2740 | D:3      | HP: 8/47 [something (glowing shapeshifter)] (14)]
  2740 | D:3      | XOM: smoke on damage
  2741 | D:3      | Engulfed by an anaconda (glowing shapeshifter)'s spectral mist

Vault maps used:
D:1:      saegor_arrival_simple_b
D:2:      led_sif_pool
D:3:      old_standard_altar, first_bread, uniq_natasha

Skill      XL: |  1  2  3  4  5 |
---------------+----------------+-----
Axes           | 3 4 5 6 |  6.4
Fighting       | |  3.0
Armour         | |  1.7
Dodging        | |  0.8

Action                   |  1- 3 |  4- 6 || total
-------------------------+-------+-------++-------
Melee: Hand axe          |    92 |   175 ||   267
       Unarmed           |       |    19 ||    19
  Use: Scroll            |     1 |     6 ||     7
       Potion            |       |     1 ||     1
 Stab: Petrified         |     1 |     4 ||     5
       Paralysed         |       |     7 ||     7
       Confused          |       |     1 ||     1
  Eat: Chunk             |       |     6 ||     6
Armor: Leather armour    |    57 |    40 ||    97
       Chain mail        |       |    64 ||    64
       Skin              |       |    11 ||    11
Dodge: Dodged            |    63 |    91 ||   154

Vault maps used:
D:1:      saegor_arrival_simple_b
D:2:      led_sif_pool
D:3:      old_standard_altar, first_bread, uniq_natasha

Table legend:
 A = Turns spent in this place as a percentage of turns spent in the entire game.
 B = Non-inter-level travel turns spent in this place as a percentage of non-inter-level travel turns spent in the entire game.
 C = Inter-level travel turns spent in this place as a percentage of turns spent in this place.
 D = Turns resting spent in this place as a percentage of non-inter-level travel turns spent in this place.
 E = Turns spent auto-exploring this place as a percentage of non-inter-level travel turns spent in this place.
 F = Non-inter-level travel turns spent in this place divided by the number of levels of this place that you've seen.
                   A       B       C       D       E      F
               +-------+-------+-------+-------+-------+----------------------
         Total | 100.0 | 100.0 |   0.3 |   6.4 |   7.5 | 311.7
       Dungeon | 100.0 | 100.0 |   0.3 |   6.4 |   7.5 | 311.7
               +-------+-------+-------+-------+-------+----------------------

Table legend:
 A = Kills in this place as a percentage of kills in entire the game.
 B = Kills by you in this place as a percentage of kills by you in the entire game.
 C = Kills by friends in this place as a percentage of kills by friends in the entire game.
 D = Other kills in this place as a percentage of other kills in the entire game.
 E = Experience gained in this place as a percentage of experience gained in the entire game.
 F = Experience gained in this place divided by the number of levels of this place that you have seen.
                   A       B       C       D       E      F
               +-------+-------+-------+-------+-------+----------------------
         Total | 100.0 | 100.0 |  -nan |  -nan | 100.0 | 149.3
       Dungeon | 100.0 | 100.0 |  -nan |  -nan | 100.0 | 149.3
               +-------+-------+-------+-------+-------+----------------------
